 Dungeon Crawl Stone Soup version 0.31-a0-263-ge8cad7f256 (webtiles) character file.

Game seed: 18059479363397960458

355 greasedhog the Shooter (level 6, -9/38 HPs)
             Began as a Gargoyle Hexslinger on July 14, 2023.
             Mangled by Menkaure (11 damage)
             ... on level 4 of the Dungeon.
             The game lasted 00:05:16 (3116 turns).

greasedhog the Shooter (Gargoyle Hexslinger)        Turns: 3116, Time: 00:05:17

Health: -9/38      AC:  9    Str: 12    XL:     6   Next: 63%
Magic:  7/7        EV: 10    Int: 13    God:
Gold:   163        SH:  0    Dex: 14    Spells: 6/7 levels left

rFire   . . .        a - +1 sling
rCold   . . .        (no shield)
rNeg    + . .        h - +0 ring mail
rPois   ∞            (no helmet)
rElec   +            (no cloak)
rCorr   .            (no gloves)
SInv    .            (no boots)
Will    .....        (no amulet)
Stlth   +            (no ring)
HPRegen 0.26/turn    (no ring)
MPRegen 0.10/turn

%: no passive effects
@: no status effects
A: sickness immunity, AC +4, negative energy resistance 1, electricity
resistance, torment resistance 1, petrification resistance
a: no special abilities


You were on level 4 of the Dungeon.
You visited 1 branch of the dungeon, and saw 4 of its levels.

You collected 163 gold pieces.

Inventory:

Hand Weapons
 a - a +1 sling (weapon)
Missiles
 d - 7 curare-tipped darts
Armour
 h - a +0 ring mail (worn)
Scrolls
 c - a scroll of teleportation
 e - 2 scrolls of enchant armour {unknown}
 g - 3 scrolls of identify {unknown}
 i - 2 scrolls of butterflies {unknown}
 k - 2 scrolls of noise {unknown}
 l - a scroll of revelation {unknown}
 n - a scroll of vulnerability {unknown}
 o - a scroll of enchant weapon {unknown}
Potions
 f - a potion of mutation {unknown}
 j - 2 potions of curing {unknown}
 m - a potion of brilliance {unknown}
 p - a potion of ambrosia {unknown}


   Skills:
 + Level 4.1 Fighting
 * Level 5.7 Ranged Weapons
 - Level 1.5 Dodging
 - Level 1.0 Spellcasting
 - Level 2.6 Hexes


You had 6 spell levels left.
You knew the following spells:

 Your Spells              Type           Power      Damage    Failure   Level
a - Slow                  Hex            28%        N/A       22%         1

Your spell library contained the following spells:

 Spells                   Type           Power      Damage    Failure   Level
 Wereblood                Tmut           0%         N/A       67%         2
 Inner Flame              Hex/Fire       4%         N/A       73%         3
 Portal Projectile        Hex/Tloc       8%         N/A       73%         3
 Cause Fear               Hex            3%         N/A       91%         4
 Irradiate                Conj/Tmut      0%         3d11      100%        5


Dungeon Overview and Level Annotations

Branches:
Dungeon (4/15)
 Temple: D:4-7

Altars:

Annotations:
D:3 Sigmund
D:4 Menkaure


Innate Abilities, Weirdness & Mutations

You are immune to sickness and miasma.
Your stone body is resilient. (AC +4)
You are immune to poison.
You resist negative energy. (rN+)
You are resistant to electric shocks. (rElec)
You are resistant to unholy torment.
You are immune to petrification.


Message History

Menkaure points at you and mumbles some strange words.
Pain shoots through your body!
Menkaure struggles against the net.
Fire: a) +1 sling
Press: ? - help, Q - select action, (/) - cycle Shift-Dir - straight line, f/p - Menkaure
Aim: Menkaure (moderately damaged, fast, entangled in a net, 93% to hit)
You shoot a sling bullet.
The sling bullet hits Menkaure but does no damage.
Menkaure is moderately damaged.
Menkaure struggles against the net.
Fire: a) +1 sling
Press: ? - help, Q - select action, (/) - cycle Shift-Dir - straight line, f/p - Menkaure
Aim: Menkaure (moderately damaged, fast, entangled in a net, 93% to hit)
You shoot a sling bullet.
The sling bullet hits Menkaure but does no damage.
Menkaure is moderately damaged.
Menkaure sighs, "It doesn't hurt if you pull your brain out of your nose yourself."
Menkaure struggles against the net.
Fire: a) +1 sling
Press: ? - help, Q - select action, (/) - cycle Shift-Dir - straight line, f/p - Menkaure
Aim: Menkaure (moderately damaged, fast, entangled in a net, 93% to hit)
You shoot a sling bullet.
The sling bullet hits Menkaure but does no damage.
Menkaure is moderately damaged.
Menkaure struggles against the net.
The net rips apart, and Menkaure comes free!
Menkaure hits you!
* * * LOW HITPOINT WARNING * * *
Fire: a) +1 sling
Press: ? - help, Q - select action, (/) - cycle Shift-Dir - straight line, f/p - Menkaure
Aim: Menkaure (moderately damaged, fast, 76% to hit)
You shoot a sling bullet.
The sling bullet closely misses Menkaure.
Menkaure closely misses you.
Fire: a) +1 sling
Press: ? - help, Q - select action, (/) - cycle Shift-Dir - straight line, f/p - Menkaure
Aim: Menkaure (moderately damaged, fast, 76% to hit)
You shoot a sling bullet. The sling bullet hits Menkaure.
Menkaure is moderately damaged.
Menkaure hits you!
You die...

#. .# . .
.###. ...
... #.# #M#
#@# ##†##
##...##
##.....##
##.......##
#.........#
#####.....+
#.....#
#....##


You could see Menkaure (fast).

Vanquished Creatures
  A kobold brigand (D:3)
  A scorpion (D:3)
  2 jellies (D:2)
  A hound (D:3)
  4 adders
  A worm (D:2)
  4 dart slugs
  4 orcs (D:3)
  7 ball pythons
  6 bats
  16 endoplasms
  3 giant cockroaches
  6 goblins
  8 hobgoblins
  3 jackals (D:1)
  11 kobolds
  A quokka (D:3)
  3 frilled lizards
  4 rats
86 creatures vanquished.

Vanquished Creatures (others)
  A goblin (D:1)
1 creature vanquished.

Grand Total: 87 creatures vanquished

Notes
Turn   | Place    | Note
-------+----------+-------------------------------------------
     0 | D:1      | greasedhog the Gargoyle Hexslinger began the quest for the
                  | Orb.
     0 | D:1      | Reached XP level 1. HP: 12/12 MP: 2/2
    56 | D:1      | Reached XP level 2. HP: 16/16 MP: 3/3
   249 | D:1      | Reached skill level 3 in Ranged Weapons
   249 | D:1      | Reached XP level 3. HP: 21/21 MP: 4/4
  1331 | D:2      | Reached XP level 4. HP: 23/27 MP: 5/5
  1375 | D:2      | Reached skill level 4 in Ranged Weapons
  1375 | D:2      | Reached XP level 5. HP: 8/32 MP: 4/6
  2031 | D:3      | Noticed Sigmund
  2586 | D:3      | Reached skill level 5 in Ranged Weapons
  2872 | D:4      | Noticed a kobold brigand
  2898 | D:3      | Killed a kobold brigand
  2899 | D:3      | Reached XP level 6. HP: 23/38 MP: 7/7
  3103 | D:4      | Noticed Menkaure
  3114 | D:4      | HP: 1/38 [Menkaure (15)]
  3116 | D:4      | Mangled by Menkaure

Illustrated notes

Levels and vault maps discovered:
D:1:      lightli_arrival_chessboard, layout_basic,
          chequers_serial_rivers_small_b, lemuel_flame_loot_1
D:2:      cheibrodos_fertilizer, layout_rooms, dreamdust_princess_corridor,
          minmay_misc_feat_tower, kennysheep_generic_room_4
D:3:      layout_loops_cross, uniq_sigmund
D:4:      layout_loops_corners, kennysheep_mini, mainiacjoe_overflow_chevrons,
          minmay_temple_entry_waves, uniq_ijyb, uniq_crazy_yiuf_cottage,
          uniq_menkaure

Skill      XL: |  1  2  3  4  5  6 |
---------------+-------------------+-----
Fighting       | 2 3 4 |  4.1
Ranged Weapons | 3 4 5 |  5.7
Dodging        | |  1.5
Spellcasting   | |  1.0
Hexes          | |  2.6

Action                     |  1- 3 |  4- 6 || total
---------------------------+-------+-------++-------
   Fire: Sling             |   139 |   212 ||   351
  Throw: Throwing net      |       |     1 ||     1
   Cast: Slow              |       |     1 ||     1
    Use: Scroll            |       |     2 ||     2
 Armour: Robe              |    19 |       ||    19
         Ring mail         |    18 |    56 ||    74
  Dodge: Dodged            |    39 |    66 ||   105

Table legend: (Time is in decaauts)
 A = Elapsed time spent in this place.
 B = Non-inter-level travel time spent in this place.
 C = Inter-level travel time spent in this place.
 D = Time resting spent in this place.
 E = Time spent auto-exploring this place.
 F = Levels seen in this place.
 G = Mean time per level.
                   A        B        C        D        E       F      G
               +--------+--------+--------+--------+--------+-----+--------+
         Total |   3225 |   3096 |    129 |    655 |   1747 |   4 |  806.2 |
       Dungeon |   3225 |   3096 |    129 |    655 |   1747 |   4 |  806.2 |
               +--------+--------+--------+--------+--------+-----+--------+

Top non-repeatable levels by time:
     D:3: 1207 daAuts
     D:2: 990 daAuts
     D:1: 921 daAuts
     D:4: 106 daAuts
